 Dungeon Crawl Stone Soup version 0.30-a0-377-g5cb311bc9f (webtiles) character file.

Game seed: 238600069043728022

78 Raultor the Shield-Bearer (level 4, -1/24 HPs)
             Began as a Vine Stalker Fighter on Nov 29, 2022.
             Killed by divine providence
             ... invoked by an orc priest
              (8 damage)
             ... on level 4 of the Dungeon.
             The game lasted 00:02:49 (2411 turns).

Raultor the Shield-Bearer (Vine Stalker Fighter)    Turns: 2411, Time: 00:02:49

Health: -1/24      AC:  6    Str: 18    XL:     4   Next: 36%
Magic:  0/14       EV:  9    Int:  8    God:
Gold:   149        SH:  5    Dex: 16    Spells: 3/3 levels left

rFire   . . .      SeeInvis .    a - +0 long sword
rCold   . . .      Faith    .    c - +0 buckler
rNeg    . . .      Spirit   +    b - +0 scale mail
rPois   .          Reflect  .    (no helmet)
rElec   .          Harm     .    (no cloak)
rCorr   .          Rampage  .    (no gloves)
Will    .....                    (no boots)
Stlth   ..........               (no amulet)
HPRegen 1.04/turn                M - ring of magical power
MPRegen 0.14/turn                (no ring)

@: no status effects
A: fangs 2, regeneration 1, magic shield, antimagic bite, no potion heal 2
a: no special abilities


You were on level 4 of the Dungeon.
You visited 1 branch of the dungeon, and saw 4 of its levels.

You collected 149 gold pieces.


Innate Abilities, Weirdness & Mutations

You have extremely sharp teeth.
Your natural rate of healing is unusually fast.
When hurt, damage is shared between your health and your magic reserves.
Your bite disrupts and absorbs the magic of your enemies.
Potions cannot restore your health.


   Skills:
 + Level 3.1 Fighting
 * Level 2.9 Long Blades
 + Level 2.8 Armour
 + Level 3.1 Shields


You had 3 spell levels left.
You didn't know any spells.
Your spell library was empty.

Inventory:

Hand Weapons
 a - a +0 long sword (weapon)
Armour
 b - a +0 scale mail (worn)
 c - a +0 buckler (worn)
Jewellery
 M - a ring of magical power (left hand)
Scrolls
 f - 2 scrolls of poison {unknown}
 h - 4 scrolls of teleportation {unknown}
 i - 3 scrolls of identify {unknown}
 l - a scroll of fear {unknown}
 m - a scroll of enchant armour {unknown}
 n - 2 scrolls of summoning {unknown}
 q - a scroll of fog {unknown}
Potions
 d - 2 potions of might
 e - a potion of magic {unknown}
 g - a potion of invisibility {unknown}
 j - 3 potions of curing {unknown}
 k - 2 potions of heal wounds {unknown}
 o - a potion of lignification {unknown}
 p - a potion of mutation {unknown}

Dungeon Overview and Level Annotations

Branches:
Dungeon (4/15)
 Temple: D:4-7

Altars:
Qazlal
Xom
Zin

######### ########
#.......### #......##
#.........# .#.......##
#........(# ..........##
#......... .......@)..#
#...o.....
#........o.####..o..o...
##........o..##.#........
#............o.###......?
#.............#..........
#..>.................©...
#.............)..▒▒▒▒▒▒▒▒
#...<...........▒▒8..[$.8
#...............▒o......


You could see 2 orc priests and an orc.


Message History

* * * LOW HITPOINT WARNING * * *
You hear a shout!
The orc priest looks braver for a moment.
There is a stone staircase leading up here.
You climb upwards.
There is a stone staircase leading down here.
HP restored.
You climb downwards.
The orc closely misses you. The orc hits you with a +0 whip.
There is a stone staircase leading up here.
You slash the orc!
You kill the orc!
The orc priest hits you with a +0 mace.
You closely miss the orc priest. The orc priest hits you with a +0 mace.
The orc priest invokes the aid of Beogh against you.
Pain shoots through your body!
* * * LOW HITPOINT WARNING * * *
You hit the orc priest. Your bite misses the orc priest.
The orc priest is lightly wounded.
The orc priest hits you but does no damage.
An orc comes into view. It is wielding a +0 hand axe.
The orc priest mumbles some strange prayers to Beogh against you.
Pain shoots through your body!
* * * LOW HITPOINT WARNING * * *
The orc priest completely misses you.
The orc priest attacks as you move away!
You block the orc priest's attack.
The orc priest invokes the aid of Beogh against you.
Beogh smites you!
You die...

Skill      XL: |  1  2  3 |
---------------+----------+-----
Long Blades    | 2 |  2.9
Shields        | 3 |  3.1
Fighting       | 3 |  3.1
Armour         | |  2.8

Action                   |  1- 3 |  4- 6 || total
-------------------------+-------+-------++-------
Melee: Long sword        |    87 |    30 ||   117
       Bite              |    16 |     7 ||    23
Armor: Scale mail        |    42 |    12 ||    54
Dodge: Dodged            |    42 |    14 ||    56
Block: Buckler           |    23 |     8 ||    31

Levels and vault maps discovered:
D:1:      psy_arrival_heroes, layout_basic, dilly_ecumenical_altar_fadedgnrine
D:2:      minmay_alternating_diamond, layout_basic
D:3:      layout_basic, grunt_temple_overflow_order_and_chaos_1,
          general_overflow_altar
D:4:      layout_cave_pods, fedhas_altar_4, lemuel_crystal_altar,
          gammafunk_ghost_arena, minmay_cut_off, uniq_natasha

Notes
Turn   | Place    | Note
-------+----------+-------------------------------------------
     0 | D:1      | Raultor the Vine Stalker Fighter began the quest for the
                  | Orb.
     0 | D:1      | Reached XP level 1. HP: 11/11 MP: 2/2
   168 | D:1      | Reached skill level 2 in Long Blades
   255 | D:1      | Reached XP level 2. HP: 16/16 MP: 3/3
   843 | D:1      | Found a faded altar of an unknown god.
   980 | D:2      | Reached XP level 3. HP: 19/19 MP: 4/4
  1014 | D:2      | Reached skill level 3 in Shields
  1066 | D:2      | Reached skill level 3 in Fighting
  1760 | D:3      | Found a glowing silver altar of Zin.
  1760 | D:3      | Noticed an angel
  1774 | D:3      | Found a shimmering altar of Xom.
  1797 | D:3      | Found a stormy altar of Qazlal.
  1843 | D:3      | Gained mutation: Your natural rate of healing is unusually
                  | fast. [Vine Stalker growth]
  1843 | D:3      | Reached XP level 4. HP: 24/24 MP: 5/5
  2411 | D:4      | Killed from afar by an orc priest

Vanquished Creatures
  2 adders
  2 worms (D:2)
  2 dart slugs
  An orc (D:4)
  5 endoplasms
  5 giant cockroaches
  3 goblins
  4 hobgoblins
  6 quokkas
  4 ball pythons
  3 bats
  4 frilled lizards
  2 kobolds
  5 rats
48 creatures vanquished.

Vanquished Creatures (others)
  A frilled lizard (D:3)
1 creature vanquished.

Grand Total: 49 creatures vanquished

Table legend: (Time is in decaauts)
 A = Elapsed time spent in this place.
 B = Non-inter-level travel time spent in this place.
 C = Inter-level travel time spent in this place.
 D = Time resting spent in this place.
 E = Time spent auto-exploring this place.
 F = Levels seen in this place.
 G = Mean time per level.
                   A        B        C        D        E       F      G
               +--------+--------+--------+--------+--------+-----+--------+
         Total |   2447 |   2382 |     65 |      0 |   2012 |   4 |  611.8 |
       Dungeon |   2447 |   2382 |     65 |      0 |   2012 |   4 |  611.8 |
               +--------+--------+--------+--------+--------+-----+--------+

Top non-repeatable levels by time:
     D:1: 884 daAuts
     D:3: 773 daAuts
     D:2: 756 daAuts
     D:4: 33 daAuts

Table legend:
 A = Non-vault XP
 B = Vault XP
 C = Vault XP percentage of total XP
 D = Non-vault monster count
 E = Vault monster count
 F = Vault count percentage of total count
                 A         B        C        D         E       F
            +---------+---------+-------+---------+---------+-------
      Total |     106 |       6 |   5.4 |      46 |       2 |   4.2
            +---------+---------+-------+---------+---------+-------
        D:1 |      24 |       0 |   0.0 |      15 |       0 |   0.0
        D:2 |      41 |       6 |  12.8 |      15 |       2 |  11.8
        D:3 |      36 |       0 |   0.0 |      14 |       0 |   0.0
        D:4 |       5 |       0 |   0.0 |       2 |       0 |   0.0
            +---------+---------+-------+---------+---------+-------
